 Dungeon Crawl Stone Soup version 0.27-a0-65-gfb268537a3 (webtiles) character file.

Game seed: 15241481355034437633

416 lessens the Cudgeller (level 7, -3/49 HPs)
             Began as a Halfling Wanderer on Jan 8, 2021.
             Slain by Edmund
             ... wielding a +2 dire flail of holy wrath
              (6 damage)
             ... on level 3 of the Dungeon.
             The game lasted 00:04:19 (3346 turns).

lessens the Cudgeller (Halfling Wanderer)           Turns: 3346, Time: 00:04:20

Health: -3/49      AC:  7    Str: 16    XL:     7   Next: 15%
Magic:  7/7        EV: 11    Int:  9    God:
Gold:   105        SH:  0    Dex: 14    Spells: 6/6 levels left

rFire    . . .     SeeInvis .   z - +0 flail
rCold    . . .     Faith    .   (shield restricted)
rNeg     . . .     Spirit   .   g - +0 scale mail
rPois    .         Reflect  .   (no helmet)
rElec    .         Harm     .   (no cloak)
rCorr    .         Rampage  .   (no gloves)
Will     .....                  m - +0 pair of boots
Stlth    +.........             (no amulet)
HPRegen  0.16/turn              (no ring)
MPRegen  0.10/turn              (no ring)

@: no status effects
A: small, mutation resistance 1
a: no special abilities


You were on level 3 of the Dungeon.
You visited 1 branch of the dungeon, and saw 4 of its levels.

You collected 105 gold pieces.

Inventory:

Hand Weapons
 a - a +2 quarterstaff
 d - a +0 dagger
 s - a +0 mace
 y - a +1 dagger of speed
 z - a +0 flail (weapon)
Missiles
 i - 92 stones
 j - 3 atropa-tipped darts (quivered)
Armour
 c - a +0 robe
 g - a +0 scale mail (worn)
 m - a +0 pair of boots (worn)
 C - a +0 pair of gloves
Jewellery
 B - an uncursed ring of willpower {unknown}
Scrolls
 h - 2 scrolls of remove curse {unknown}
 n - 2 scrolls of magic mapping {unknown}
 p - a scroll of fear {unknown}
 q - 2 scrolls of blinking {unknown}
 t - 2 scrolls of teleportation {unknown}
 w - 3 scrolls of fog {unknown}
 A - a scroll of random uselessness {unknown}
Potions
 b - a potion of curing
 f - 2 potions of haste
 k - a potion of invisibility
 l - a potion of brilliance
 o - 2 potions of resistance
 r - a potion of attraction
 v - a potion of flight
 x - a potion of mutation


   Skills:
 - Level 4.5 Fighting
 + Level 6.2 Maces & Flails
 - Level 1.0(3.6) Staves
 - Level 1.1 Crossbows
 - Level 3.2 Stealth


You had 6 spell levels left.
You didn't know any spells.
Your spell library was empty.

Dungeon Overview and Level Annotations

Branches:
Dungeon (4/15)
 Temple: D:4-7

Altars:
Dithmenos

Annotations:
D:3 Edmund


Innate Abilities, Weirdness & Mutations

You are small and have problems with some larger weapons.
You are somewhat resistant to further mutation.


Message History

You throw an atropa-tipped dart. The atropa-tipped dart hits Edmund.
Edmund appears confused.
Edmund is severely wounded.
You barely miss Edmund.
Edmund is severely wounded.
Edmund seems less confused.
Edmund hits you but does no damage.
You catch the helpless Edmund completely off-guard!
You hit Edmund.
Edmund is severely wounded.
Edmund barely misses you.
You strike the helpless Edmund from behind!
You thump Edmund!
Edmund is almost dead.
Edmund hits you with a +2 dire flail of holy wrath.
* * * LOW HITPOINT WARNING * * *
You hit Edmund but do no damage.
Edmund is almost dead.
Edmund is no longer blind.
Edmund hits you with a +2 dire flail of holy wrath.
You die...

#..........#
#.########.# #.# #.#
#.# #.# #####.###
#.######## #..)....#
#......>..
#.......#############.#
#......................
#....@@................
#.....(...../..#.#.....
#.......####.#.#.####.#
#.......# #.#.#......#
#.......# #.#.########
############.#.........
#.............###.
#.......####.#..#.
#.......##...#..#.


You could see Edmund.

Vanquished Creatures
  Sigmund (D:4)
  Menkaure (D:4)
  A worker ant (D:4)
  A hound skeleton (D:4)
  5 adders
  A dart slug (D:2)
  A leopard gecko (D:3)
  6 orcs
  7 giant cockroaches
  2 goblins
  7 hobgoblins
  7 kobolds
  A quokka (D:2)
  9 bats
  2 frilled lizards
  5 rats
57 creatures vanquished.

Notes
Turn   | Place    | Note
-------+----------+-------------------------------------------
     0 | D:1      | lessens the Halfling Wanderer began the quest for the Orb.
     0 | D:1      | lessens set off with the following items: a +2
                  | quarterstaff, 2 potions of curing, a +0 robe, a +0 dagger
     0 | D:1      | Reached XP level 1. HP: 18/18 MP: 1/1
    45 | D:1      | Reached skill level 1 in Maces & Flails
   152 | D:1      | Reached XP level 2. HP: 22/23 MP: 2/2
   677 | D:2      | Reached skill level 2 in Maces & Flails
   779 | D:2      | Noticed an orc warrior
   779 | D:2      | Noticed an ogre
   783 | D:2      | Reached XP level 3. HP: 27/27 MP: 3/3
  1148 | D:2      | Reached skill level 3 in Maces & Flails
  1148 | D:2      | Reached XP level 4. HP: 30/34 MP: 4/4
  2603 | D:3      | Reached XP level 5. HP: 37/38 MP: 5/5
  2795 | D:4      | Found a shadowy altar of Dithmenos.
  2810 | D:4      | Reached skill level 4 in Maces & Flails
  2990 | D:4      | Noticed Menkaure
  3008 | D:4      | Killed Menkaure
  3009 | D:4      | Reached skill level 5 in Maces & Flails
  3009 | D:4      | Reached XP level 6. HP: 37/44 MP: 6/6
  3243 | D:4      | Noticed Sigmund
  3254 | D:4      | Killed Sigmund
  3255 | D:4      | Reached skill level 6 in Maces & Flails
  3255 | D:4      | Reached XP level 7. HP: 44/49 MP: 7/7
  3283 | D:4      | Noticed Edmund
  3346 | D:3      | Slain by Edmund

Illustrated notes

Levels and vault maps discovered:
D:1:      ncdulo_watergridlock, layout_rooms, serial_corexii_hall,
          corexii_hall_statues_t, chequers_hall_statues_wall_a,
          corexii_hall_statues_l
D:2:      layout_basic, lightli_corner_chamber
D:3:      layout_basic
D:4:      minmay_chambers_of_threes, layout_cave_pools, serial_shops, shop,
          minivault_14, minmay_misc_feat_tower, nicolae_dithmenos_the_darkroom,
          uniq_sigmund, uniq_edmund, uniq_natasha, uniq_menkaure

Skill      XL: |  1  2  3  4  5  6 |
---------------+-------------------+-----
Maces & Flails | 1 2 3 5 6 |  6.2
Fighting       | |  4.5
Staves         | |  1.0
Crossbows      | |  1.1
Stealth        | |  3.2

Action                   |  1- 3 |  4- 6 |  7- 9 || total
-------------------------+-------+-------+-------++-------
Melee: Quarterstaff      |    76 |    86 |       ||   162
       Flail             |       |    16 |    29 ||    45
Throw: Dart              |       |       |     1 ||     1
  Use: Potion            |     1 |     3 |       ||     4
       Scroll            |       |     8 |       ||     8
 Stab: Sleeping          |       |     1 |       ||     1
       Invisible         |       |     3 |     2 ||     5
Armor: Scale mail        |    29 |    55 |     5 ||    89
       Robe              |     2 |       |       ||     2
Dodge: Dodged            |    55 |    52 |    10 ||   117

Table legend: (Time is in decaauts)
 A = Elapsed time spent in this place.
 B = Non-inter-level travel time spent in this place.
 C = Inter-level travel time spent in this place.
 D = Time resting spent in this place.
 E = Time spent auto-exploring this place.
 F = Levels seen in this place.
 G = Mean time per level.
                   A        B        C        D        E       F      G
               +--------+--------+--------+--------+--------+-----+--------+
         Total |   3396 |   3225 |    171 |    521 |   2168 |   4 |  849.0 |
       Dungeon |   3396 |   3225 |    171 |    521 |   2168 |   4 |  849.0 |
               +--------+--------+--------+--------+--------+-----+--------+

Top non-repeatable levels by time:
     D:2: 1296 daAuts
     D:3: 1051 daAuts
     D:1: 636 daAuts
     D:4: 412 daAuts
